 Dungeon Crawl Stone Soup version 0.26-a0-808-g930a2b7adc (webtiles) character file.

Game seed: 5617082244034225519

60 Morbidden the Magician (level 3, -1/27 HPs)
             Began as a Demonspawn Fire Elementalist on Nov 12, 2020.
             Slain by a worm (8 damage)
             ... on level 2 of the Dungeon.
             The game lasted 00:01:55 (2258 turns).

Morbidden the Magician (DsFE)                       Turns: 2258, Time: 00:01:55

Health: -1/27      AC:  4    Str:  8    XL:     3   Next: 80%
Magic:  0/7        EV: 12    Int: 23    God:
Gold:   129        SH:  0    Dex: 13    Spells: 7/8 levels left

rFire    . . .     SeeInvis .   (no weapon)
rCold    . . .     Faith    +   (no shield)
rNeg     . . .     Spirit   .   a - +0 robe
rPois    .         Reflect  .   (no helmet)
rElec    .         Harm     .   (no cloak)
rCorr    .         Rampage  .   (no gloves)
MR       .....                  (no boots)
Stlth    ++........             c - amulet of faith
HPRegen  0.09/turn              h - +6 ring of intelligence
MPRegen  0.10/turn              (no ring)

@: very slightly contaminated
A: rugged brown scales 2
a: no special abilities


You were on level 2 of the Dungeon.
You visited 1 branch of the dungeon, and saw 2 of its levels.

You collected 129 gold pieces.

Inventory:

Armour
 a - a +0 robe (worn)
Jewellery
 c - an amulet of faith (around neck)
 h - a +6 ring of intelligence (left hand)
Scrolls
 d - a scroll of amnesia {unknown}
 e - 3 scrolls of identify {unknown}
 f - 2 scrolls of fear {unknown}
Potions
 b - a potion of curing {unknown}
 g - a potion of attraction {unknown}
 i - a potion of heal wounds {unknown}


   Skills:
 * Level 1.1 Fighting
 + Level 1.9 Dodging
 + Level 1.8 Stealth
 + Level 0.1 Unarmed Combat
 * Level 3.0 Spellcasting
 + Level 1.6 Conjurations
 + Level 2.9 Fire Magic


You had 7 spell levels left.
You knew the following spells:

 Your Spells              Type           Power        Failure   Level
a - Foxfire               Conj/Fire      ##..         4%          1

Your spell library contained the following spells:

 Spells                   Type           Power        Failure   Level
 Conjure Flame            Conj/Fire      ##......     14%         3
 Inner Flame              Hex/Fire       ##......     19%         3
 Sticky Flame             Conj/Fire      ##......     41%         4
 Fireball                 Conj/Fire      ##........   77%         5


Dungeon Overview and Level Annotations

Branches:
Dungeon (2/15)

Altars:


Innate Abilities, Weirdness & Mutations

You are mostly covered in rugged brown scales. (AC +2, +5% HP)


Message History

The worm bites you.
You hit the worm but do no damage.
The worm is heavily wounded.
The worm closely misses you.
You completely miss the worm.
The worm is heavily wounded.
You hit the worm but do no damage.
The worm is heavily wounded.
The worm bites you.
You hit the worm.
The worm is heavily wounded.
You hit the worm but do no damage.
The worm is heavily wounded.
The worm bites you!
* * * LOW HITPOINT WARNING * * *
You are too injured to fight recklessly!
Casting: Foxfire (safe; 4% risk of failure)
Confirm with . or Enter, or press ? or * to list all spells.
You miscast Foxfire.
Nothing appears to happen.
The worm bites you!
You die...

######### ........#
###########.########
#...................
#
#..##...#....####...
# #.# #...#...@# #
#.###..##...w# #
#......###^...ยง #
#.....## #...#). #
#...### #...#...
#.#### ##..# ..
###....#### #..# ##.
###.#...)...####..
.. ....#.........##


You could see a worm.

Vanquished Creatures
  A worker ant (D:2)
  2 dart slugs
  3 leopard geckos
  A giant cockroach (D:2)
  4 goblins
  2 hobgoblins (D:1)
  4 kobolds
  3 quokkas (D:2)
  3 ball pythons
  4 bats
  A frilled lizard (D:2)
  3 rats
31 creatures vanquished.

Vanquished Creatures (others)
  122 foxfires
122 creatures vanquished.

Grand Total: 153 creatures vanquished

Notes
Turn   | Place    | Note
-------+----------+-------------------------------------------
     0 | D:1      | Morbidden the Demonspawn Fire Elementalist began the quest
                  | for the Orb.
     0 | D:1      | Reached XP level 1. HP: 13/13 MP: 3/3
   357 | D:1      | Gained mutation: You are partially covered in rugged brown
                  | scales. (AC +1, +3% HP) [demonic ancestry]
   357 | D:1      | Reached XP level 2. HP: 9/19 MP: 0/5
  1627 | D:2      | Gained mutation: You are mostly covered in rugged brown
                  | scales. (AC +2, +5% HP) [demonic ancestry]
  1627 | D:2      | Reached XP level 3. HP: 20/26 MP: 5/7
  1849 | D:2      | Reached skill level 1 in Fighting
  1849 | D:2      | Reached skill level 3 in Spellcasting
  2258 | D:2      | Slain by a worm

Illustrated notes

Levels and vault maps discovered:
D:1:      minmay_arrival_shattered_statue, layout_loops_ring, serial_aquarium,
          aquarium_bridge_square [aquarium_subvault_bridge,
          aquarium_subvault_wall, aquarium_subvault_wall,
          aquarium_subvault_bridge], aquarium_window_fake,
          aquarium_window_corridor_2, aquarium_window_2, aquarium_view_2a,
          aquarium_view_2f, aquarium_balcony_3b, aquarium_pool_split,
          chequers_decorated_corner, grunt_decor_cap,
          corexii_item_surrounded_by_moat, chequers_mini_garden
D:2:      minmay_recursive_quarters, layout_rooms, uniq_crazy_yiuf_cottage

Skill      XL: |  1  2  3 |
---------------+----------+-----
Fighting       | 1 |  1.1
Spellcasting   | 3 |  3.0
Dodging        | |  1.9
Stealth        | |  1.8
Unarmed Combat | |  0.1
Conjurations   | |  1.6
Fire Magic     | |  2.9

Action                   || total
-------------------------++-------
Melee: Unarmed           ||    19
 Cast: Foxfire           ||    73
Armor: Robe              ||     3
Dodge: Dodged            ||    19

Table legend: (Time is in decaauts)
 A = Elapsed time spent in this place.
 B = Non-inter-level travel time spent in this place.
 C = Inter-level travel time spent in this place.
 D = Time resting spent in this place.
 E = Time spent auto-exploring this place.
 F = Levels seen in this place.
 G = Mean time per level.
                   A        B        C        D        E       F      G
               +--------+--------+--------+--------+--------+-----+--------+
         Total |   2257 |   2248 |      9 |    220 |   1792 |   2 | 1128.5 |
       Dungeon |   2257 |   2248 |      9 |    220 |   1792 |   2 | 1128.5 |
               +--------+--------+--------+--------+--------+-----+--------+

Top non-repeatable levels by time:
     D:1: 1261 daAuts
     D:2: 996 daAuts
